 Dungeon Crawl Stone Soup version 0.24-a0-580-g6a6c3f83c1 (webtiles) character file.

Game seed: 11543828602714217667

24 Hylith the Magician (level 3, -1/31 HPs)
             Began as a Gnoll Wanderer on Aug 22, 2019.
             Killed from afar by Natasha (7 damage)
             ... with a magic dart
             ... on level 2 of the Dungeon.
             The game lasted 00:02:11 (1295 turns).

Hylith the Magician (Gnoll Wanderer)                Turns: 1295, Time: 00:02:11

Health: -1/31      AC:  5    Str: 11    XL:     3   Next: 2%
Magic:  11/11      EV: 10    Int: 17    God:
Gold:   49         SH:  0    Dex: 15    Spells: 16/16 levels left

rFire    . . .     SeeInvis .   a - +0 spear
rCold    . . .     Gourm    .   (no shield)
rNeg     . . .     Faith    .   e - +0 ring mail
rPois    .         Spirit   .   (no helmet)
rElec    .         Reflect  .   (no cloak)
rCorr    .         Harm     .   (no gloves)
MR       .....                  (no boots)
Stlth    +.........             (no amulet)
HPRegen  0.10/turn              (no ring)
MPRegen  0.12/turn              (no ring)

@: hasted and slowed
A: distributed training, fangs 1, strong nose
a: no special abilities


You were on level 2 of the Dungeon.
You were near starving.

You visited 1 branch of the dungeon, and saw 2 of its levels.

You collected 49 gold pieces.

Inventory:

Hand Weapons
 a - a +0 spear (weapon)
Armour
 d - a +0 robe
 e - a +0 ring mail (worn)
Scrolls
 h - a scroll of identify {unknown}
 i - 2 scrolls of remove curse {unknown}
Potions
 b - a potion of brilliance {unknown}
 c - a potion of agility {unknown}
Comestibles
 f - 6 rations


   Skills:
 + Level 4.5 Fighting
 + Level 0.5 Short Blades
 + Level 0.5 Long Blades
 + Level 0.5 Axes
 + Level 0.5 Maces & Flails
 + Level 0.5 Polearms
 + Level 0.5 Staves
 + Level 0.5 Slings
 + Level 0.5 Bows
 + Level 0.5 Crossbows
 + Level 0.5 Throwing
 + Level 2.5 Armour
 + Level 0.5 Dodging
 + Level 0.5 Stealth
 + Level 2.5 Shields
 + Level 0.5 Unarmed Combat
 + Level 7.1 Spellcasting
 + Level 3.7 Conjurations
 + Level 0.4 Hexes
 + Level 0.4 Charms
 + Level 0.4 Summonings
 + Level 0.4 Necromancy
 + Level 0.4 Translocations
 + Level 0.4 Transmutations
 + Level 0.4 Fire Magic
 + Level 0.4 Ice Magic
 + Level 0.4 Air Magic
 + Level 0.4 Earth Magic
 + Level 0.4 Poison Magic
 + Level 0.7 Invocations
 + Level 2.5 Evocations


You had 16 spell levels left.
You didn't know any spells.
Your spell library contained the following spells:

 Spells                   Type           Power        Failure   Level  Hunger
 Magic Dart               Conj           ###.         6%          1    None
 Flame Tongue             Conj/Fire      ##...        12%         1    None
 Blink                    Tloc           N/A          34%         2    None
 Call Imp                 Summ           #.......     34%         2    None
 Slow                     Hex            #.......     34%         2    None
 Conjure Flame            Conj/Fire      ##......     34%         3    ##.....
 Mephitic Cloud           Conj/Pois/Air  ##......     41%         3    ##.....


Dungeon Overview and Level Annotations

Branches:
Dungeon (2/15)

Altars:

Annotations:
D:2 Natasha


Innate Abilities, Weirdness & Mutations

Your experience applies equally to all skills.
You have very sharp teeth.
Your uncanny sense of smell can sniff out nearby items.


Message History

You resist with significant effort.
Natasha stares at you and mumbles some strange words.
You feel yourself slow down.
You don't know any spells.
You feel yourself speed up. Natasha claws you. x2
* * * LOW HITPOINT WARNING * * *
Attack whom?
Press: ? - help, Dir - move target cursor, f - Natasha, p - hobgoblin
Aim: Natasha (lightly wounded, fast)
You miss Natasha.
Natasha is lightly wounded.
Natasha closely misses you. Natasha misses you.
Attack whom?
Press: ? - help, Dir - move target cursor, f/p - Natasha
Aim: Natasha (lightly wounded, fast)
You hit Natasha. Your bite misses Natasha.
Natasha is moderately wounded.
Natasha casts a spell at you. The magic dart hits you!
You die...

....# #.#.#
#.#.# ######.#.#
.......#.#######
#..?.g5.......
#.####w######
#h# #@# #.# #.#
#.# #.# #.# #.#
#.## #..#


You could see a worm, Natasha, a crimson imp and a hobgoblin.

Vanquished Creatures
  A dart slug (D:1)
  A leopard gecko (D:1)
  A giant cockroach (D:1)
  4 goblins (D:1)
  2 hobgoblins (D:1)
  7 kobolds
  2 bats (D:1)
  A frilled lizard (D:1)
  A rat (D:1)
  A bush (D:1)
21 creatures vanquished.

Notes
Turn   | Place    | Note
-------+----------+-------------------------------------------
     0 | D:1      | Hylith the Gnoll Wanderer began the quest for the Orb.
     0 | D:1      | Hylith set off with the following items: a +0 spear, a +0
                  | robe, a ration; and the following spells available to
                  | memorise: Magic Dart, Flame Tongue, Conjure Flame, Blink,
                  | Call Imp, Slow, Mephitic Cloud
     0 | D:1      | Reached XP level 1. HP: 20/20 MP: 8/8
   170 | D:1      | Reached XP level 2. HP: 20/26 MP: 10/10
  1244 | D:2      | Reached XP level 3. HP: 28/31 MP: 11/11
  1282 | D:2      | Noticed Natasha
  1295 | D:2      | Killed from afar by Natasha

Levels and vault maps discovered:
D:1:      minmay_arrival_floating_metal, layout_rooms, serial_forest,
          infiniplex_forest_end_2, infiniplex_forest_clump_medium,
          infiniplex_forest_fountain, infiniplex_forest_lined_3_way,
          infiniplex_forest_end_1, infiniplex_forest_clump_small,
          infiniplex_forest_corner_1, infiniplex_forest_lined_ring
D:2:      layout_loops_ring, uniq_natasha

Action                   || total
-------------------------++-------
Melee: Spear             ||   255
       Bite              ||    42
  Use: Potion            ||     1
 Stab: Sleeping          ||     1
Armor: Robe              ||    10
       Ring mail         ||    16
Dodge: Dodged            ||    64

Table legend:
 A = Non-vault XP
 B = Vault XP
 C = Vault XP percentage of total XP
 D = Non-vault monster count
 E = Vault monster count
 F = Vault count percentage of total count
                 A         B        C        D         E       F
            +---------+---------+-------+---------+---------+-------
      Total |      35 |       0 |   0.0 |      20 |       0 |   0.0
            +---------+---------+-------+---------+---------+-------
        D:1 |      33 |       0 |   0.0 |      19 |       0 |   0.0
        D:2 |       2 |       0 |   0.0 |       1 |       0 |   0.0
            +---------+---------+-------+---------+---------+-------
